 Dungeon Crawl Stone Soup version 0.19-a0-1912-g48530cd (webtiles) character file.

109 Firecrotchwizard the Firebug (level 4, -3/24 HPs)
             Began as a Deep Elf Fire Elementalist on Dec 15, 2016.
             Slain by an adder (5 damage)
             ... on level 3 of the Dungeon.
             The game lasted 00:07:00 (3206 turns).

Firecrotchwizard the Firebug (DEFE)                 Turns: 3206, Time: 00:07:00

Health: -3/24      AC:  2    Str:  6    XL:     4   Next: 60%
Magic:  3/11       EV: 13    Int: 20    God:
Gold:   147        SH:  0    Dex: 15    Spells: 1/9 levels left

rFire  . . .     SeeInvis .     h - +0 dagger
rCold  . . .     Faith    .     a - +0 robe
rNeg   . . .     Spirit   .     (no shield)
rPois  .         Reflect  .     (no helmet)
rElec  .                        (no cloak)
rCorr  .                        (no gloves)
MR     .....                    (no boots)
Stlth  ++........               (no amulet)
                                (no ring)
                                (no ring)

@: lethally poisoned (-3 -> -15)
A: no striking features
a: no special abilities


You were on level 3 of the Dungeon.
You were not hungry.

You visited 1 branch of the dungeon, and saw 3 of its levels.

You collected 147 gold pieces.

Inventory:

Hand Weapons
 h - a +0 dagger (weapon)
Armour
 a - a +0 robe (worn)
Scrolls
 c - 3 scrolls of recharging {unknown}
 e - 2 scrolls of remove curse {unknown}
 f - 2 scrolls of identify {unknown}
 i - 2 scrolls of enchant armour {unknown}
 k - 2 scrolls of teleportation {unknown}
Potions
 d - 2 potions of berserk rage {unknown}
 g - a potion of flight {unknown}
 j - a potion of cure mutation {unknown}
Books
 b - a book of Flames

   Spells                             Type                      Level
   a - Flame Tongue                   Conjuration/Fire             1
   b - Throw Flame                    Conjuration/Fire             2
   c - Conjure Flame                  Conjuration/Fire             3
   d - Inner Flame                    Hexes/Fire                   3
   e - Sticky Flame                   Conjuration/Fire             4
   f - Fireball                       Conjuration/Fire             5


   Skills:
 + Level 3.1 Dodging
 - Level 2.4 Stealth
 + Level 3.4 Spellcasting
 * Level 2.6 Conjurations
 * Level 4.8 Fire Magic


You had one spell level left.
You knew the following spells:

 Your Spells              Type           Power        Failure   Level  Hunger
a - Flame Tongue          Conj/Fire      ###..        2%          1    None
b - Conjure Flame         Conj/Fire      ###.....     10%         3    ###....
c - Sticky Flame          Conj/Fire      ###.....     30%         4    ####...


Dungeon Overview and Level Annotations

Branches:
Dungeon (3/15)
 Temple: D:3-6         Lair: D:-1         Crypt: Vaults:-1     Tomb: Vaults:-1

Altars:
Elyvilon
Qazlal


Message History

You feel sick. The adder misses you.
Casting: Flame Tongue
Confirm with . or Enter, or press ? or * to list all spells.
Aiming: Flame Tongue
Press: ? - help, Shift-Dir - straight line, f/p - adder
Aim: an adder (moderately wounded)
The flame tongue misses the adder.
The adder bites you (2).
* * * LOW HITPOINT WARNING * * *
You are more poisoned.
The adder poisons you! The adder barely misses you.
Casting: Flame Tongue
Confirm with . or Enter, or press ? or * to list all spells.
Aiming: Flame Tongue
Press: ? - help, Shift-Dir - straight line, f/p - adder
Aim: an adder (moderately wounded)
The flame tongue hits the adder.
The adder is almost dead.
* * * LOW HITPOINT WARNING * * *
You feel sick. The adder bites you (5).
You die...

#♣.....⌠♣ #.#
♣...._.♣ ... ##.#
♣.....⌠♣ .... #..#
#♣..).♣#♣... ##.##
. ♣♣♣♣♣#♣... #..#
..######♣..♣ ###..#
..........♣###....#
.........###...#..#
.......@.....##..##
......S(.######.##
................#
####.############
... ###


You could see an adder.

Vanquished Creatures
  An orc wizard (D:3)
  2 adders (D:2)
  2 dart slugs
  3 leopard geckos
  3 orcs (D:3)
  A ball python (D:1)
  4 bats
  6 giant cockroaches
  5 goblins
  5 hobgoblins
  2 quokkas (D:2)
  2 frilled lizards (D:1)
  10 kobolds
  4 rats
50 creatures vanquished.

Notes
Turn   | Place    | Note
-------+----------+-------------------------------------------
     0 | D:1      | Firecrotchwizard the Deep Elf Fire Elementalist began the quest for the Orb.
     0 | D:1      | Reached XP level 1. HP: 10/10 MP: 6/6
   242 | D:1      | Found a stormy altar of Qazlal.
   252 | D:1      | Reached XP level 2. HP: 5/15 MP: 2/8
   699 | D:1      | Reached skill level 4 in Fire Magic
  1339 | D:2      | Reached XP level 3. HP: 19/19 MP: 5/9
  1386 | D:2      | Learned a level 3 spell: Conjure Flame
  2539 | D:3      | Reached XP level 4. HP: 24/24 MP: 6/10
  2548 | D:3      | HP: 1/24 [orc/tomahawk (7)]
  2935 | D:3      | Learned a level 4 spell: Sticky Flame
  3028 | D:3      | Found a white marble altar of Elyvilon.
  3206 | D:3      | Slain by an adder

Vault maps used:
D:1:      erik_arrival_cave_to_civilisation, st_stairs_1, kennysheep_flooded_box
D:2:      first_bread, kennysheep_generic_room_4
D:3:      kennysheep_ying_yang, grunt_qazlal_clouds, okawaru_trees_2,
          uniq_sigmund

Skill      XL: |  1  2  3  4 |
---------------+-------------+-----
Fire Magic     | 4 |  4.8
Conjurations   | 2 |  2.6
Dodging        | 3 |  3.1
Stealth        | |  2.4
Spellcasting   | |  3.4

Action                   |  1- 3 |  4- 6 || total
-------------------------+-------+-------++-------
Melee: Dagger            |     3 |       ||     3
 Cast: Flame Tongue      |    72 |    31 ||   103
 Stab: Sleeping          |     1 |       ||     1
Armor: Robe              |     1 |     2 ||     3
Dodge: Dodged            |    14 |    11 ||    25
